 Dungeon Crawl Stone Soup version 0.31-a0-202-g547052bce9 (webtiles) character file.

Game seed: 8923369554124043165

221 Monkooky the Fiendish (level 5, -1/47 HPs)
             Began as a Draconian Monk on June 26, 2023.
             Was a Priest of Makhleb.
             Killed by divine providence
             ... invoked by an orc priest
              (11 damage)
             ... on level 4 of the Dungeon.
             The game lasted 00:04:34 (2292 turns).

Monkooky the Fiendish (Draconian Monk)              Turns: 2292, Time: 00:04:34

Health: -1/47      AC:  5    Str: 14    XL:     5   Next: 65%
Magic:  8/8        EV: 12    Int: 10    God:    Makhleb [***...]
Gold:   143        SH:  0    Dex: 15    Spells: 4/4 levels left

rFire   . .          .
                       - Unarmed
rCold   . . .        b - orb {light}
rNeg    . . .        (body armour unavailable)
rPois   .            (helmet restricted)
rElec   .            (no cloak)
rCorr   .            (no gloves)
SInv    .            (no boots)
Will    .....        (no amulet)
Stlth   +            (no ring)
HPRegen 0.27/turn    (no ring)
MPRegen 0.11/turn

%: no passive effects
@: glowing
A: AC +5, unfitting armour, cold-blooded
a: Renounce Religion, Minor Destruction, Lesser Servant of Makhleb


You were on level 4 of the Dungeon.
You worshipped Makhleb.
Makhleb was most pleased with you.
You visited 1 branch of the dungeon, and saw 4 of its levels.

You collected 143 gold pieces.

Inventory:

Armour
 b - an orb of light (worn)
Magical Staves
 o - a staff of earth
Jewellery
 c - a ring of positive energy
 i - a ring of ice
Scrolls
 d - 3 scrolls of vulnerability {unknown}
 e - a scroll of teleportation {unknown}
 f - 3 scrolls of identify {unknown}
 g - a scroll of torment {unknown}
 k - a scroll of blinking {unknown}
 n - a scroll of amnesia {unknown}
Potions
 a - a potion of ambrosia
 h - 3 potions of cancellation {unknown}
 j - 2 potions of curing {unknown}
 l - a potion of haste {unknown}
 m - a potion of degeneration {unknown}
 p - 2 potions of brilliance {unknown}


   Skills:
 * Level 4.7 Fighting
 - Level 2.6 Dodging
 - Level 3.1 Unarmed Combat
 - Level 4.9 Invocations


You had 4 spell levels left.
You didn't know any spells.
Your spell library contained the following spells:

 Spells                   Type           Power      Damage    Failure   Level
 Portal Projectile        Hex/Tloc       0%         N/A       75%         3
 Tukima's Dance           Hex            0%         N/A       75%         3
 Blade Hands              Tmut           0%         N/A       100%        5


Dungeon Overview and Level Annotations

Branches:
Dungeon (4/15)
 Temple: D:4-7

Altars:
Makhleb

Shops:
D:1 [

Annotations:
D:3 2 transporters, Dylgear's ghost, amateur FoFi


Innate Abilities, Weirdness & Mutations

Your plain brown scales are hard. (AC +5)
You cannot fit into any form of body armour.
You are cold-blooded and may be slowed by cold attacks.


Message History

The adder barely misses you.
The adder writhes in agony.
You kill the adder!
Makhleb accepts your kill.
You feel better.
You hear the slow rusting of a very distant drain.
You now have 143 gold pieces (gained 10).
You see here an adder corpse.
You open the door.
There is an open door here.
You open the door.
An orc and an orc priest come into view.
The orc shouts!
The orc priest shouts!
The orc priest calls down the wrath of Beogh upon you.
Beogh smites you!
An orc comes into view.
It is wielding a +1 flail of distortion.
Found a scroll labelled MASSUM JEMANE.
The puff of flame hits the orc priest but does no damage.
You hear the slow rusting of a very distant drain.
The orc priest invokes the aid of Beogh against you.
Beogh smites you!
Unknown command.
The zap hits the orc priest.
The orc priest is moderately wounded.
The zap hits the orc.
The orc is heavily wounded.
A dart slug comes into view.
The orc priest invokes the aid of Beogh against you.
Beogh smites you!
* * * LOW HITPOINT WARNING * * *
You close the door.
An orc priest opens the door.
You aren't carrying any items that you can evoke.
Okay, then.
A demon appears!
Unknown command.
You swap places.
Your ynoxinul hits the orc priest but does no damage.
The orc priest calls down the wrath of Beogh upon you.
Beogh smites you!
You die...

#### .#.# ### #.#
..### #.### ♣ ♣
#...## #.#.# w♣?
###..###.#.#
♣♣o♣♣ #..†......#
≈o≈
#..(......####o##
#..........#..3.#
#..........#...@#
#....>.....'....+
#..........#....#
#+##.......+....+
##......#....#
#......#....#
#......#....#
#......#....#
#############


You could see an orc priest (ally target), a dart slug, 2 orcs and a friendly
ynoxinul (summoned).

Vanquished Creatures
  A black bear (D:4)
  5 adders
  A gnoll (D:1)
  A worm (D:2)
  A dart slug (D:4)
  4 orcs (D:3)
  6 bats
  4 endoplasms
  A giant cockroach (D:2)
  5 goblins
  8 hobgoblins
  2 quokkas
  6 ball pythons
  A frilled lizard (D:3)
  8 kobolds
  9 rats
63 creatures vanquished.

Vanquished Creatures (collateral kills)
  An endoplasm (D:4)
1 creature vanquished.

Grand Total: 64 creatures vanquished

Notes
Turn   | Place    | Note
-------+----------+-------------------------------------------
     0 | D:1      | Monkooky the Draconian Monk began the quest for the Orb.
     0 | D:1      | Reached XP level 1. HP: 19/19 MP: 1/1
   199 | D:1      | Reached XP level 2. HP: 27/27 MP: 2/2
   203 | D:1      | Found Attelu's Antique Armour Boutique.
   610 | D:1      | Reached XP level 3. HP: 15/34 MP: 3/3
   840 | D:1      | Found a faded altar of an unknown god.
   845 | D:1      | Prayed at the altar of an unknown god.
   845 | D:1      | Became a worshipper of Makhleb the Destroyer
   845 | D:1      | Reached * piety under Makhleb
   845 | D:1      | Reached ** piety under Makhleb
  1048 | D:2      | Reached *** piety under Makhleb
  1049 | D:2      | Reached skill level 1 in Invocations
  1272 | D:2      | Reached XP level 4. HP: 41/41 MP: 5/5
  1861 | D:3      | Found a transporter.
  1893 | D:3      | Noticed Dylgear's ghost (amateur FoFi)
  1917 | D:3      | Found a transporter.
  1918 | D:3      | Identified the +4 spear of the Mind {venom, Fragile Fly
                  | rCorr Int+6}
  2164 | D:4      | Noticed a black bear
  2172 | D:4      | Killed a black bear
  2173 | D:4      | Reached XP level 5. HP: 30/47 MP: 6/8
  2292 | D:4      | Killed from afar by an orc priest

Illustrated notes

Levels and vault maps discovered:
D:1:      mrwooster_arrival_arrow, layout_basic,
          chequers_ecumenical_altar_lobes, serial_shops, nicolae_shop_stone
D:2:      layout_loops_ring
D:3:      layout_rooms, gammafunk_ghost_gnarly_gnolls
D:4:      layout_basic, minmay_temple_entry_enclosed_plants,
          cheibrodos_sewer_entry_drain, kennysheep_generic_room_9

Skill      XL: |  1  2  3  4 |
---------------+-------------+-----
Fighting       | 4 |  4.7
Invocations    | 2 4 |  4.9
Dodging        | |  2.6
Unarmed Combat | |  3.1

Action                     |  1- 3 |  4- 6 || total
---------------------------+-------+-------++-------
  Melee: Unarmed           |    55 |     2 ||    57
         Tailslap          |     8 |       ||     8
 Invoke: Minor Destruction |    35 |    57 ||    92
         Lesser Servant of |       |     2 ||     2
 Armour: Skin              |    11 |     5 ||    16
  Dodge: Dodged            |    26 |     8 ||    34

Table legend: (Time is in decaauts)
 A = Elapsed time spent in this place.
 B = Non-inter-level travel time spent in this place.
 C = Inter-level travel time spent in this place.
 D = Time resting spent in this place.
 E = Time spent auto-exploring this place.
 F = Levels seen in this place.
 G = Mean time per level.
                   A        B        C        D        E       F      G
               +--------+--------+--------+--------+--------+-----+--------+
         Total |   2293 |   2230 |     63 |      4 |   1862 |   4 |  573.2 |
       Dungeon |   2293 |   2230 |     63 |      4 |   1862 |   4 |  573.2 |
               +--------+--------+--------+--------+--------+-----+--------+

Top non-repeatable levels by time:
     D:1: 899 daAuts
     D:2: 703 daAuts
     D:3: 534 daAuts
     D:4: 155 daAuts
